TOP OF THE 1ST |
Erie SeaWolves batting - Pitching for Arkansas Travelers : RHP Bartholomeu Voivodic
|
Pitching: RHP Bartholomeu Voivodic
|
|
Batting: RHB Tanner Purchase
|
0-0: Ground out 4-3 (Groundball, 4MD, EV 96.9 MPH)
|
Batting: LHB Nick Nino
|
0-0: Ground out 5-3 (Groundball, P, EV 88.8 MPH)
|
Batting: LHB George Moran
|
0-0: Ball 1-0: Ball 2-0: Ball 3-0: Called Strike 3-1: Called Strike 3-2: Strikes out swinging
|
Top of the 1st over - 0 runs, 0 hits, 0 errors, 0 left on base; Erie 0 - Arkansas 0 |
BOTTOM OF THE 1ST |
Arkansas Travelers batting - Pitching for Erie SeaWolves : RHP John Evancho
|
Pitching: RHP John Evancho
|
|
Batting: RHB Ryuji Ito
|
0-0: Ball 1-0: Ball 2-0: Ball 3-0: Base on Balls
|
Batting: RHB Ryan Munro
|
0-0: Ball Ryuji Ito steals 2nd base 1-0: Ball 2-0: Ball 3-0: Base on Balls
|
Batting: LHB Jonathon Walton
|
0-0: Ball 1-0: Foul Ball, location: 2F 1-1: TRIPLE (Flyball, 89XD, EV 103.1 MPH) Ryuji Ito scores Ryan Munro scores
|
Batting: LHB Griffin Ferris
|
0-0: Ball Wild Pitch! Jonathon Walton scores 1-0: Ball 2-0: Ball 3-0: Called Strike 3-1: DOUBLE (Line Drive, 89D, EV 107.5 MPH) - OUT at third base trying to stretch hit.
|
Batting: LHB James McCauley
|
0-0: Fly out, F8 (Flyball, 8RM, EV 83.1 MPH)
|
Batting: RHB Tim Lively
|
0-0: Foul Ball, location: 2F 0-1: Fly out, F9 (Line Drive, 9, EV 91.2 MPH)
|
Bottom of the 1st over - 3 runs, 2 hits, 0 errors, 0 left on base; Erie 0 - Arkansas 3 |
TOP OF THE 2ND |
Erie SeaWolves batting - Pitching for Arkansas Travelers : RHP Bartholomeu Voivodic
|
Batting: RHB Eric Angelle
|
0-0: Called Strike 0-1: Ball 1-1: Ball 2-1: Reached on error, E6 (Groundball, 56, EV 80.6 MPH)
|
Batting: RHB Adam MacConnell
|
0-0: Fielders Choice at 2nd, 6-4 (Groundball, 6, EV 90.0 MPH)
|
Batting: RHB Carlos Armenteros
|
0-0: Ball 1-0: Foul Ball, location: 2F 1-1: Grounds into double play, 6-4-3 (Groundball, 6, EV 86.2 MPH)
|
Top of the 2nd over - 0 runs, 0 hits, 1 error, 0 left on base; Erie 0 - Arkansas 3 |
BOTTOM OF THE 2ND |
Arkansas Travelers batting - Pitching for Erie SeaWolves : RHP John Evancho
|
Batting: RHB Juan Martinez
|
0-0: Called Strike 0-1: Ball 1-1: Ground out U3 (Groundball, 3, EV 93.1 MPH)
|
Batting: LHB Edgar van der Meeren
|
0-0: Called Strike 0-1: Called Strike 0-2: Ball 1-2: Ball 2-2: Foul Ball, location: 2F 2-2: Foul Ball, location: 2F 2-2: Ground out 4-3 (Groundball, 4, EV 103.1 MPH)
|
Batting: RHB Gary Horgan
|
0-0: Ball 1-0: Ball 2-0: Called Strike 2-1: Called Strike 2-2: Foul Ball, location: 2F 2-2: Ball 3-2: Foul Ball, location: 2F 3-2: Strikes out swinging
|
Bottom of the 2nd over - 0 runs, 0 hits, 0 errors, 0 left on base; Erie 0 - Arkansas 3 |
TOP OF THE 3RD |
Erie SeaWolves batting - Pitching for Arkansas Travelers : RHP Bartholomeu Voivodic
|
Batting: RHB John Evancho
|
0-0: Ball 1-0: Foul Ball, location: 2F 1-1: SINGLE (Groundball, 34D, EV 104.4 MPH)
|
Batting: SHB Chris Wagler
|
0-0: Called Strike 0-1: SINGLE (Groundball, 34S, EV 66.2 MPH) (infield hit) John Evancho to second
|
Batting: RHB Willie Ochoa
|
0-0: Called Strike 0-1: Ball 1-1: Called Strike 1-2: Foul Ball, location: 2F 1-2: Strikes out swinging
|
Batting: RHB Tanner Purchase
|
0-0: Grounds into double play, 4-6-3 (Groundball, 4, EV 95.0 MPH)
|
Top of the 3rd over - 0 runs, 2 hits, 0 errors, 1 left on base; Erie 0 - Arkansas 3 |
BOTTOM OF THE 3RD |
Arkansas Travelers batting - Pitching for Erie SeaWolves : RHP John Evancho
|
Batting: RHB Ryuji Ito
|
0-0: Ball 1-0: Ball 2-0: TRIPLE (Flyball, 9D, EV 100.0 MPH)
|
Batting: RHB Ryan Munro
|
0-0: Ball 1-0: Ball 2-0: Ball 3-0: Swinging Strike 3-1: Base on Balls
|
Batting: LHB Jonathon Walton
|
0-0: Called Strike Ryan Munro steals 2nd base 0-1: Called Strike 0-2: Ground out U3 (Groundball, 3, EV 106.9 MPH)
|
Batting: LHB Griffin Ferris
|
0-0: Swinging Strike 0-1: Called Strike 0-2: Strikes out swinging
|
Batting: LHB James McCauley
|
0-0: Called Strike 0-1: Swinging Strike 0-2: Strikes out swinging
|
Bottom of the 3rd over - 0 runs, 1 hit, 0 errors, 2 left on base; Erie 0 - Arkansas 3 |
TOP OF THE 4TH |
Erie SeaWolves batting - Pitching for Arkansas Travelers : RHP Bartholomeu Voivodic
|
Batting: LHB Nick Nino
|
0-0: Called Strike 0-1: Foul Ball, location: 2F 0-2: Strikes out swinging
|
Batting: LHB George Moran
|
0-0: Called Strike 0-1: Swinging Strike 0-2: Ball 1-2: Ball 2-2: Strikes out looking
|
Batting: RHB Eric Angelle
|
0-0: Ball 1-0: Called Strike 1-1: Fly out, F8 (Flyball, 8LXD, EV 91.9 MPH)
|
Top of the 4th over - 0 runs, 0 hits, 0 errors, 0 left on base; Erie 0 - Arkansas 3 |
BOTTOM OF THE 4TH |
Arkansas Travelers batting - Pitching for Erie SeaWolves : RHP John Evancho
|
Batting: RHB Tim Lively
|
0-0: Ground out 6-3 (Groundball, 6, EV 83.8 MPH)
|
Batting: RHB Juan Martinez
|
0-0: Fly out, F8 (Flyball, 8RM, EV 80.0 MPH)
|
Batting: LHB Edgar van der Meeren
|
0-0: Ball 1-0: Called Strike 1-1: Ball 2-1: Foul Ball, location: 2F 2-2: Strikes out swinging
|
Bottom of the 4th over - 0 runs, 0 hits, 0 errors, 0 left on base; Erie 0 - Arkansas 3 |
TOP OF THE 5TH |
Erie SeaWolves batting - Pitching for Arkansas Travelers : RHP Bartholomeu Voivodic
|
Batting: RHB Adam MacConnell
|
0-0: Called Strike 0-1: Called Strike 0-2: Foul Ball, location: 2F 0-2: Ball 1-2: Strikes out swinging
|
Batting: RHB Carlos Armenteros
|
0-0: SINGLE (Groundball, 6MD, EV 100.0 MPH)
|
Batting: RHB John Evancho
|
0-0: Swinging Strike 0-1: Swinging Strike 0-2: Foul Ball, location: 2F 0-2: Ball 1-2: Strikes out looking
|
Batting: SHB Chris Wagler
|
0-0: Ball 1-0: Called Strike 1-1: Foul Ball, location: 2F 1-2: Strikes out looking
|
Top of the 5th over - 0 runs, 1 hit, 0 errors, 1 left on base; Erie 0 - Arkansas 3 |
BOTTOM OF THE 5TH |
Arkansas Travelers batting - Pitching for Erie SeaWolves : RHP John Evancho
|
Batting: RHB Gary Horgan
|
0-0: Ground out U3 (Groundball, 34, EV 77.5 MPH)
|
Batting: RHB Ryuji Ito
|
0-0: Ground out 6-3 (Groundball, 6MS, EV 83.1 MPH)
|
Batting: RHB Ryan Munro
|
0-0: Ball 1-0: Ball 2-0: SINGLE (Groundball, 56D, EV 98.8 MPH)
|
Batting: LHB Jonathon Walton
|
0-0: Ball 1-0: Ground out 4-3 (Groundball, 4, EV 101.9 MPH)
|
Bottom of the 5th over - 0 runs, 1 hit, 0 errors, 1 left on base; Erie 0 - Arkansas 3 |
TOP OF THE 6TH |
Erie SeaWolves batting - Pitching for Arkansas Travelers : RHP Bartholomeu Voivodic
|
Batting: RHB Willie Ochoa
|
0-0: Ball 1-0: Called Strike 1-1: Ball 2-1: SINGLE (Groundball, 56D, EV 103.8 MPH)
|
Batting: RHB Tanner Purchase
|
0-0: Foul Ball, location: 2F 0-1: Grounds into double play, 5-4-3 (Groundball, 56, EV 83.1 MPH)
|
Batting: LHB Nick Nino
|
0-0: Ball 1-0: Swinging Strike 1-1: Foul Ball, location: 2F 1-2: Ball 2-2: Ball 3-2: Base on Balls
|
Batting: LHB George Moran
|
0-0: Ball 1-0: Called Strike 1-1: Ground out 4-3 (Groundball, 4, EV 106.2 MPH)
|
Top of the 6th over - 0 runs, 1 hit, 0 errors, 1 left on base; Erie 0 - Arkansas 3 |
BOTTOM OF THE 6TH |
Arkansas Travelers batting - Pitching for Erie SeaWolves : RHP John Evancho
|
Batting: LHB Griffin Ferris
|
0-0: Ball 1-0: Ball 2-0: Foul Ball, location: 2F 2-1: Swinging Strike 2-2: Foul Ball, location: 2F 2-2: SINGLE (Line Drive, 6MD, EV 98.1 MPH)
|
Batting: LHB James McCauley
|
0-0: Fly out, F9 (Flyball, 9S, EV 86.2 MPH)
|
Batting: RHB Tim Lively
|
0-0: Called Strike 0-1: Ball 1-1: Swinging Strike 1-2: Foul Ball, location: 2F 1-2: Fly out, F7 (Flyball, 78M, EV 88.1 MPH)
|
Batting: RHB Juan Martinez
|
0-0: Fly out, F9 (Flyball, 9LD, EV 93.8 MPH)
|
Bottom of the 6th over - 0 runs, 1 hit, 0 errors, 1 left on base; Erie 0 - Arkansas 3 |
TOP OF THE 7TH |
Erie SeaWolves batting - Pitching for Arkansas Travelers : RHP Bartholomeu Voivodic
|
Batting: RHB Eric Angelle
|
0-0: Ball 1-0: Ball 2-0: SINGLE (Groundball, 5S, EV 66.9 MPH) (infield hit)
|
Batting: RHB Adam MacConnell
|
0-0: Ball 1-0: Foul Ball, location: 2F 1-1: Ball 2-1: Ball 3-1: Foul Ball, location: 2F 3-2: Strikes out swinging
|
Batting: RHB Carlos Armenteros
|
0-0: Called Strike 0-1: Foul Ball, location: 2F 0-2: Ball 1-2: Strikes out swinging
|
Batting: RHB John Evancho
|
0-0: Fielders Choice at 2nd, 5-4 (Groundball, 56, EV 87.5 MPH)
|
Top of the 7th over - 0 runs, 1 hit, 0 errors, 1 left on base; Erie 0 - Arkansas 3 |
BOTTOM OF THE 7TH |
Arkansas Travelers batting - Pitching for Erie SeaWolves : RHP John Evancho
|
Batting: LHB Edgar van der Meeren
|
0-0: Ball 1-0: Swinging Strike 1-1: Ball 2-1: Called Strike 2-2: Foul Ball, location: 2F 2-2: Ground out 6-3 (Groundball, 4, EV 93.8 MPH)
|
Batting: RHB Gary Horgan
|
0-0: Ball 1-0: Called Strike 1-1: SINGLE (Groundball, 6S, EV 65.6 MPH) (infield hit)
|
Batting: RHB Ryuji Ito
|
0-0: Foul Ball, location: 2F 0-1: Foul Ball, location: 2F 0-2: Ball 1-2: Strikes out looking
|
Batting: RHB Ryan Munro
|
0-0: Called Strike Gary Horgan steals 2nd base 0-1: Ground out 6-3 (Groundball, 6, EV 105.6 MPH)
|
Bottom of the 7th over - 0 runs, 1 hit, 0 errors, 1 left on base; Erie 0 - Arkansas 3 |
TOP OF THE 8TH |
Erie SeaWolves batting - Pitching for Arkansas Travelers : RHP Bartholomeu Voivodic
|
Batting: SHB Chris Wagler
|
0-0: Called Strike 0-1: Swinging Strike 0-2: Ball 1-2: Ball 2-2: Strikes out swinging
|
Batting: RHB Willie Ochoa
|
0-0: Ball 1-0: Foul Ball, location: 2F 1-1: Ball 2-1: Ball 3-1: Fly out, F8 (Flyball, 89M, EV 82.5 MPH)
|
Batting: RHB Tanner Purchase
|
0-0: Ball 1-0: Foul Ball, location: 2F 1-1: Swinging Strike 1-2: Foul Ball, location: 2F 1-2: Ball 2-2: Foul Ball, location: 2F 2-2: Foul Ball, location: 2F 2-2: Fly out, F9 (Flyball, 9D, EV 109.4 MPH)
|
Top of the 8th over - 0 runs, 0 hits, 0 errors, 0 left on base; Erie 0 - Arkansas 3 |
BOTTOM OF THE 8TH |
Arkansas Travelers batting - Pitching for Erie SeaWolves : RHP John Evancho
|
Pitching: RHP Cameron Maxwell
|
|
Batting: LHB Jonathon Walton
|
0-0: Called Strike 0-1: Ball 1-1: Ball 2-1: Foul Ball, location: 2F 2-2: DOUBLE (Line Drive, 9LD, EV 114.4 MPH)
|
Batting: LHB Griffin Ferris
|
0-0: Ball 1-0: Called Strike 1-1: Called Strike 1-2: Ball 2-2: Ball 3-2: Foul Ball, location: 2F 3-2: Foul Ball, location: 2F 3-2: Base on Balls
|
Batting: LHB James McCauley
|
0-0: Called Strike 0-1: Swinging Strike 0-2: Foul Ball, location: 2F 0-2: Fly out, F6 (Popup, 6MS, EV 74.4 MPH)
|
Batting: RHB Tim Lively
|
0-0: Ball 1-0: DOUBLE (Line Drive, 9LM, EV 106.9 MPH) Jonathon Walton scores Griffin Ferris to third
|
Batting: RHB Juan Martinez
|
0-0: Ball 1-0: Ground out U3 (Groundball, 13, EV 85.6 MPH) Griffin Ferris scores Tim Lively to third
|
Batting: LHB Edgar van der Meeren
|
0-0: Swinging Strike 0-1: Ball 1-1: Swinging Strike 1-2: Strikes out swinging
|
Bottom of the 8th over - 2 runs, 2 hits, 0 errors, 1 left on base; Erie 0 - Arkansas 5 |
TOP OF THE 9TH |
Erie SeaWolves batting - Pitching for Arkansas Travelers : RHP Bartholomeu Voivodic
|
Pitching: RHP Oscar Andrade
|
|
Batting: LHB Nick Nino
|
0-0: Ball 1-0: Swinging Strike 1-1: Foul Ball, location: 2F 1-2: Foul Ball, location: 2F 1-2: Strikes out looking
|
Batting: LHB George Moran
|
0-0: Called Strike 0-1: Ball 1-1: SINGLE (Groundball, 34D, EV 103.8 MPH)
|
Batting: RHB Eric Angelle
|
0-0: Ball 1-0: SINGLE (Line Drive, 4D, EV 95.0 MPH) George Moran to second
|
Batting: RHB Adam MacConnell
|
0-0: Ball 1-0: Foul Ball, location: 2F 1-1: Swinging Strike 1-2: Foul Ball, location: 2F 1-2: Strikes out looking
|
Batting: RHB Carlos Armenteros
|
0-0: Ball 1-0: Called Strike 1-1: Ball 2-1: Ball 3-1: Base on Balls George Moran to third Eric Angelle to second
|
Batting: RHB John Evancho
|
0-0: Ball 1-0: Called Strike 1-1: Ball 2-1: Ground out U3 (Groundball, 34, EV 85.0 MPH)
|
Top of the 9th over - 0 runs, 2 hits, 0 errors, 3 left on base; Erie 0 - Arkansas 5 |
|